 Dungeon Crawl Stone Soup version 0.22-a0-136-g83a10e5 (webtiles) character file.

1072 mhoghedin the Archer (level 8, -2/69 HPs)
             Began as a Centaur Hunter on Feb 3, 2018.
             Was an Initiate of Cheibriados.
             Slain by an ogre
             ... wielding a +0 giant club
              (22 damage)
             ... on level 5 of the Dungeon.
             The game lasted 00:11:36 (4043 turns).

mhoghedin the Archer (Centaur Hunter)               Turns: 4043, Time: 00:11:36

Health: -2/69      AC:  7    Str: 18    XL:     8   Next: 7%
Magic:  8/8        EV: 11    Int: 11    God:    Cheibriados [......]
Gold:   249        SH:  0    Dex: 15    Spells: 4/7 levels left

rFire    + . .     SeeInvis .   a - +1 shortbow
rCold    + . .     Gourm    .   (shield currently unavailable)
rNeg     . . .     Faith    .   c - +1 leather armour
rPois    +         Spirit   .   i - +0 helmet
rElec    +         Reflect  .   l - +0 cloak (curse)
rCorr    +         Harm     .   (no gloves)
MR       +....                  (no barding)
Stlth    +.........             h - amulet of regeneration {+regen, !d}
HPRegen  0.61/turn              j - +2 ring of dexterity
MPRegen  0.11/turn              w - ring of protection from magic {MR+, !d}

@: resistant
A: large, hooves 3, agile 1, deformed body, speed 2, poison resistance, tough
skin 3, wild magic 1
a: Bend Time, Renounce Religion


You were on level 5 of the Dungeon.
You worshipped Cheibriados.
Cheibriados was noncommittal.
You were not hungry.

You visited 1 branch of the dungeon, and saw 5 of its levels.

You collected 249 gold pieces.

Inventory:

Hand Weapons
 a - a +1 shortbow (weapon)
 b - a +2 mace of holy wrath
   (You found it on level 2 of the Dungeon)
Missiles
 d - 20 arrows (quivered)
Armour
 c - a +1 leather armour (worn)
 i - a +0 helmet (worn)
   (You found it on level 3 of the Dungeon)
 l - a cursed +0 cloak (worn)
   (You found it on level 3 of the Dungeon)
 n - a cursed +0 pair of gloves
   (You found it on level 5 of the Dungeon)
 s - a +0 pair of gloves
   (You found it on level 3 of the Dungeon)
Magical Staves
 r - an uncursed staff of power {MP+17, !a}
   (You found it on level 3 of the Dungeon)
Jewellery
 h - an amulet of regeneration (around neck) {+regen, !d}
   (You found it on level 1 of the Dungeon)
 j - a +2 ring of dexterity (left hand)
   (You found it on level 1 of the Dungeon)
 w - a ring of protection from magic (right hand) {MR+, !d}
   (You found it on level 4 of the Dungeon)
Wands
 e - a wand of flame (22)
   (You took it off Natasha on level 2 of the Dungeon)
Scrolls
 o - a scroll of immolation {!r}
 p - 2 scrolls of amnesia {unknown}
 t - a scroll of teleportation {unknown}
 x - a scroll of identify
Potions
 g - a potion of mutation {!q}
 k - a potion of curing
 m - 3 potions of cancellation
 u - a potion of magic {unknown}
 v - a potion of degeneration {unknown}
 z - a potion of agility {unknown}
Comestibles
 f - 12 rations
 A - 3 chunks of flesh {@w0}


   Skills:
 + Level 5.5 Fighting
 + Level 1.9 Maces & Flails
 + Level 8.7 Bows
 + Level 4.1 Dodging
 - Level 0.8 Stealth


You had 4 spell levels left.
You knew the following spells:

 Your Spells              Type           Power        Failure   Level  Hunger
b - Blink                 Tloc           N/A          63%         2    ###....
A - Animate Skeleton      Necr           N/A          47%         1    ##.....


Dungeon Overview and Level Annotations

Branches:
Dungeon (5/15)
 Temple: D:4-7

Altars:
Ashenzari
Cheibriados
Gozag
Kikubaaqudgha
Uskayaw
Vehumet
Zin


Innate Abilities, Weirdness & Mutations

You have hooves in place of feet.
Armour fits poorly on your strangely shaped body.
You cover ground very quickly.
You have extremely tough skin. (AC +3)
You are agile. (Dex +2)
Your system is resistant to poisons. (rPois)
Your spells are a little harder to cast, but a little more powerful.


Message History

The alarm trap emits a blaring wail!
A sentinel's mark forms upon you.
You hear a shout!
Health restored: 61 You hear a distant slurping noise.
A jelly comes into view.
The jelly closely misses you.
You sock the jelly!
Your hands burn!
You kick the jelly. The jelly hits you but does no damage.
You take 2 damage, and have 59/61 hp.
You sock the jelly!
You kill the jelly!
A giant cockroach comes into view.
Health restored: 61 The giant cockroach barely misses you.
You hit the giant cockroach but do no damage.
The giant cockroach bites you but does no damage.
The giant cockroach closely misses you.
An ice beast comes into view.
You hit the giant cockroach. Your kick misses the giant cockroach.
The giant cockroach bites you but does no damage.
You hit the giant cockroach but do no damage.
Your kick misses the giant cockroach.
The giant cockroach bites you but does no damage.
The giant cockroach barely misses you.
You hit the giant cockroach.
You kill the giant cockroach!
Cheibriados appreciates the change of pace.
The ice beast hits you but does no damage.
An ogre comes into view. It is wielding a giant club.
Your leather armour prevents you from hitting the ice beast.
You kick the ice beast, but do no damage.
The ice beast closely misses you. The ice beast hits you.
The ice beast freezes you!
You take 18 damage, and have 43/61 hp.
MASSIVE DAMAGE!!
Your +2 mace of holy wrath stops glowing.
a - a +1 shortbow (weapon)
You feel protected. The ice beast closely misses you.
Firing (i - inventory)
d - 31 arrows (quivered)
Aim: an ice beast You shoot an arrow.
The arrow hits the ice beast but does no damage.
The ice beast misses you.
Firing (i - inventory)
d - 30 arrows (quivered)
Aim: an ice beast You shoot an arrow.
The arrow hits the ice beast but does no damage.
The ice beast hits you. The ice beast freezes you! You resist.
You take 7 damage, and have 37/61 hp.
Firing (i - inventory)
d - 29 arrows (quivered)
Aim: an ice beast You shoot an arrow.
The arrow hits the ice beast.
The ice beast hits you. The ice beast freezes you. You resist.
You take 3 damage, and have 34/61 hp.
Unknown command.
Firing (i - inventory)
d - 28 arrows (quivered)
Aim: an ice beast (lightly wounded)
You shoot an arrow. The arrow hits the ice beast.
The ice beast hits you but does no damage.
Firing (i - inventory)
d - 27 arrows (quivered)
Aim: an ice beast (moderately wounded)
You shoot an arrow.
The arrow hits the ice beast but does no damage.
The sentinel's mark upon you fades away.
The ice beast hits you. The ice beast freezes you. You resist.
You take 11 damage, and have 24/61 hp.
Firing (i - inventory)
d - 26 arrows (quivered)
Aim: an ice beast (moderately wounded)
You shoot an arrow. The arrow barely misses the ice beast.
The arrow hits the ogre.
The ice beast hits you but does no damage.
Unknown command.
Firing (i - inventory)
d - 25 arrows (quivered)
Aim: an ice beast (moderately wounded)
You shoot an arrow. The arrow hits the ice beast!
The ice beast closely misses you.
Firing (i - inventory)
d - 24 arrows (quivered)
Aim: an ice beast (severely wounded)
You shoot an arrow. The arrow hits the ice beast.
Firing (i - inventory)
d - 23 arrows (quivered)
Aim: an ice beast (severely wounded)
You shoot an arrow. The arrow hits the ice beast.
The ice beast hits you. The ice beast freezes you! You resist.
* * * LOW HITPOINT WARNING * * *
You take 9 damage, and have 17/61 hp.
Firing (i - inventory)
d - 22 arrows (quivered)
Aim: an ice beast (almost dead)
You shoot an arrow. The arrow hits the ice beast.
You kill the ice beast!
You have reached level 8!
You feel stronger.
You regained 2 hp, and now have 19/69 hp.
MP restored: 8 Firing (i - inventory)
d - 21 arrows (quivered)
Aim: an ogre, wielding a giant club (lightly wounded)
You shoot an arrow. The arrow barely misses the ogre.
The ogre hits you with a giant club!!
You die...

.)# #.#
#.# #.#
#.# #.#
#.# #.#
#@# ...
#. #O#
...#.#
#(#
.....#..
#.#
#.##.#.##
#.#
#.##...#.
#.#
#.##...#.
#.#
#.##...#.
#(#
#.##.....
#.#
#.###..#.


You could see an ogre.

Vanquished Creatures
  The ghost of mhoghedin the Chiller, a novice DrIE (D:4)
  Eustachio (D:4)
  The ghost of Vajrapani the Sneak, an amateur OpAs (D:3)
  An ice beast (D:5)
  A jelly (D:5)
  A hound (D:5)
  Crazy Yiuf (D:2)
  A centaur skeleton (D:4)
  Natasha (thrice) (D:2)
  Terence (D:2)
  2 worker ants (D:4)
  A hound skeleton (D:5)
  A howler monkey skeleton (D:4)
  7 adders
  3 worms
  6 dart slugs
  3 leopard geckos
  An orc (D:4)
  2 ball pythons
  9 bats
  6 giant cockroaches
  4 goblins
  9 hobgoblins
  6 jackals
  7 kobolds
  2 quokkas
  5 frilled lizards
  4 rats
90 creatures vanquished.

Notes
Turn   | Place    | Note
-------+----------+-------------------------------------------
     0 | D:1      | mhoghedin the Centaur Hunter began the quest for the Orb.
     0 | D:1      | Reached XP level 1. HP: 17/17 MP: 1/1
    36 | D:1      | Reached XP level 2. HP: 24/24 MP: 2/2
   493 | D:1      | Reached XP level 3. HP: 30/30 MP: 3/3
  1079 | D:2      | Reached skill level 2 in Dodging
  1168 | D:2      | Noticed Terence
  1183 | D:2      | Killed Terence
  1183 | D:2      | Reached skill level 6 in Bows
  1183 | D:2      | Reached XP level 4. HP: 17/37 MP: 4/4
  1243 | D:2      | Reached skill level 3 in Fighting
  1500 | D:2      | Noticed Natasha
  1519 | D:2      | HP: 6/38 [Natasha (7)]
  1520 | D:2      | Killed Natasha
  1585 | D:2      | Found a radiant altar of Vehumet.
  1594 | D:2      | Found a glowing silver altar of Zin.
  1602 | D:2      | Found an opulent altar of Gozag.
  1714 | D:2      | Found a runed door.
  1768 | D:2      | Found a snail-covered altar of Cheibriados.
  1806 | D:2      | Found an ancient bone altar of Kikubaaqudgha.
  1806 | D:2      | Found a hide-covered altar of Uskayaw.
  1809 | D:2      | Found a shattered altar of Ashenzari.
  2023 | D:2      | Noticed Natasha
  2032 | D:2      | HP: 8/38 [Natasha/wand of flame (25) (6)]
  2033 | D:2      | HP: 3/38 [Natasha (5)]
  2038 | D:2      | Killed Natasha
  2038 | D:2      | Reached XP level 5. HP: 4/45 MP: 5/5
  2072 | D:2      | Noticed Natasha
  2099 | D:2      | Gained mutation: Your spells are a little harder to cast, but a little more powerful. [potion of mutation]
  2099 | D:2      | Gained mutation: Your system is resistant to poisons. (rPois) [potion of mutation]
  2099 | D:2      | Gained mutation: You are agile. (Dex +2) [potion of mutation]
  2103 | D:2      | Killed Natasha
  2160 | D:2      | Noticed Crazy Yiuf
  2201 | D:2      | Became a worshipper of Cheibriados the Contemplative
  2525 | D:3      | Noticed Vajrapani's ghost (amateur OpAs)
  2542 | D:3      | Killed Vajrapani's ghost
  2542 | D:3      | Reached skill level 4 in Fighting
  2542 | D:3      | Reached skill level 7 in Bows
  2542 | D:3      | Reached skill level 3 in Dodging
  2542 | D:3      | Reached XP level 6. HP: 52/52 MP: 6/6
  2921 | D:3      | Learned a level 2 spell: Blink
  3081 | D:4      | Noticed mhoghedin's ghost (novice DrIE)
  3098 | D:4      | HP: 18/78 [mhoghedin's ghost/Freeze (4)]
  3102 | D:4      | HP: 8/78 [mhoghedin's ghost/Freeze (3)]
  3103 | D:4      | Killed mhoghedin's ghost
  3103 | D:4      | Reached XP level 7. HP: 9/60 MP: 4/7
  3211 | D:2      | Killed Crazy Yiuf
  3211 | D:2      | Reached skill level 8 in Bows
  3356 | D:4      | Noticed Eustachio
  3365 | D:4      | Killed Eustachio
  3365 | D:4      | Reached skill level 5 in Fighting
  3365 | D:4      | Reached skill level 1 in Maces & Flails
  3788 | D:4      | Reached skill level 4 in Dodging
  3860 | D:4      | Learned a level 1 spell: Animate Skeleton
  3892 | D:5      | Entered Level 5 of the Dungeon
  4042 | D:5      | Reached XP level 8. HP: 19/69 MP: 8/8
  4043 | D:5      | Slain by an ogre

Vault maps used:
D:1:      matt_arrival_grand_opening, st_stairs_4
D:2:      minmay_overflow_temple_star_quad, cheibriados_altar_1,
          grunt_temple_overflow_open, uniq_terence, uniq_natasha,
          uniq_crazy_yiuf_cottage
D:3:      kennysheep_big_flooded_room
D:4:      first_ration, serial_glass, glass_columns_c, glass_columns_b,
          glass_columns_a, glass_columns_a, glass_columns_a, glass_columns_b,
          glass_columns_a, glass_columns_b, uniq_eustachio
D:5:      kennysheep_mini_moat, fedhas_altar_4

Skill      XL: |  1  2  3  4  5  6  7 |
---------------+----------------------+-----
Dodging        | 2 3 4 |  4.1
Bows           | 6 7 8 |  8.7
Fighting       | 3 4 5 |  5.5
Maces & Flails | 1 |  1.9
Stealth        | |  0.8

Action                   |  1- 3 |  4- 6 |  7- 9 || total
-------------------------+-------+-------+-------++-------
Melee: Whip              |    73 |    92 |       ||   165
       Kick              |    20 |    39 |    11 ||    70
       Mace              |       |    43 |    51 ||    94
 Fire: Shortbow          |    69 |    53 |    43 ||   165
Invok: Bend Time         |       |     1 |       ||     1
Evoke: Wand              |       |     1 |       ||     1
  Use: Scroll            |       |     6 |       ||     6
       Potion            |       |     8 |     1 ||     9
  Eat: Chunk             |       |     3 |     2 ||     5
       Ration            |       |     1 |       ||     1
Armor: Leather armour    |    41 |    56 |    36 ||   133
       Robe              |       |     3 |       ||     3
Dodge: Dodged            |    52 |    94 |    46 ||   192

Table legend:
 A = Spawn XP
 B = Non-spawn XP
 C = Spawn XP percentage of total XP
 D = Spawn monster count
 E = Non-spawn monster count
 F = Spawn count percentage of total count
 G = Total turns spent on level
                    A         B        C        D         E        F      G
               +---------+---------+-------+---------+---------+-------+---------
         Total |       0 |    1532 |   0.0 |       0 |      90 |   0.0 |  4043
               +---------+---------+-------+---------+---------+-------+---------
           D:1 |       0 |      57 |   0.0 |       0 |      29 |   0.0 |  1067
           D:2 |       0 |     241 |   0.0 |       0 |      19 |   0.0 |  1351
           D:3 |       0 |     222 |   0.0 |       0 |      22 |   0.0 |   825
           D:4 |       0 |     759 |   0.0 |       0 |      14 |   0.0 |   649
           D:5 |       0 |     253 |   0.0 |       0 |       6 |   0.0 |   151
               +---------+---------+-------+---------+---------+-------+---------

Vault maps used:
D:1:      matt_arrival_grand_opening, st_stairs_4
D:2:      minmay_overflow_temple_star_quad, cheibriados_altar_1,
          grunt_temple_overflow_open, uniq_terence, uniq_natasha,
          uniq_crazy_yiuf_cottage
D:3:      kennysheep_big_flooded_room
D:4:      first_ration, serial_glass, glass_columns_c, glass_columns_b,
          glass_columns_a, glass_columns_a, glass_columns_a, glass_columns_b,
          glass_columns_a, glass_columns_b, uniq_eustachio
D:5:      kennysheep_mini_moat, fedhas_altar_4

Table legend:
 A = Turns spent in this place as a percentage of turns spent in the entire game.
 B = Non-inter-level travel turns spent in this place as a percentage of non-inter-level travel turns spent in the entire game.
 C = Inter-level travel turns spent in this place as a percentage of turns spent in this place.
 D = Turns resting spent in this place as a percentage of non-inter-level travel turns spent in this place.
 E = Turns spent auto-exploring this place as a percentage of non-inter-level travel turns spent in this place.
 F = Non-inter-level travel turns spent in this place divided by the number of levels of this place that you've seen.
                   A       B       C       D       E      F
               +-------+-------+-------+-------+-------+----------------------
         Total | 100.0 | 100.0 |   6.5 |  12.6 |  65.6 | 756.2
       Dungeon | 100.0 | 100.0 |   6.5 |  12.6 |  65.6 | 756.2
               +-------+-------+-------+-------+-------+----------------------

Table legend:
 A = Kills in this place as a percentage of kills in entire the game.
 B = Kills by you in this place as a percentage of kills by you in the entire game.
 C = Kills by friends in this place as a percentage of kills by friends in the entire game.
 D = Other kills in this place as a percentage of other kills in the entire game.
 E = Experience gained in this place as a percentage of experience gained in the entire game.
 F = Experience gained in this place divided by the number of levels of this place that you have seen.
                   A       B       C       D       E      F
               +-------+-------+-------+-------+-------+----------------------
         Total | 100.0 | 100.0 |   N/A |   N/A | 100.0 | 306.4
       Dungeon | 100.0 | 100.0 |   N/A |   N/A | 100.0 | 306.4
               +-------+-------+-------+-------+-------+----------------------
